 Dungeon Crawl Stone Soup version 0.30-a0-121-gb27577e5d9 (webtiles) character file.

Game seed: 11087560589305578070

4111 IdlyInterested the Carver (level 10, -5/73 HPs)
             Began as a Demonspawn Gladiator on Sept 14, 2022.
             Slain by an orc warrior
             ... wielding a +0 trident
              (14 damage)
             ... in a bailey.
             The game lasted 00:30:10 (9828 turns).

IdlyInterested the Carver (Demonspawn Gladiator)    Turns: 9828, Time: 00:30:10

Health: -5/73      AC: 19    Str: 21    XL:     10   Next: 6%
Magic:  16/16      EV:  6    Int: 12    God:
Gold:   491        SH:  0    Dex: 23    Spells: 17/17 levels left

rFire   . . .      SeeInvis .    O - +2 falchion (elec)
rCold   . . .      Faith    .    (no shield)
rNeg    . . .      Spirit   .    p - +0 crystal plate armour
rPois   .          Reflect  .    c - +0 helmet
rElec   .          Harm     .    t - +0 cloak
rCorr   .          Rampage  .    (gloves unavailable)
Will    .....                    N - +1 pair of boots
Stlth   ..........               (no amulet)
HPRegen 0.22/turn                j - ring "Xuism" {Str+6 Int+3 Stlth+}
MPRegen 0.15/turn                D - +4 ring of slaying

@: hasted, studying Translocations, very quick
A: claws 3, thin skeletal structure 2, demonic magic 1
a: no special abilities


You were in a bailey.
You visited 2 branches of the dungeon, and saw 10 of its levels.
You also visited: Bailey.

You collected 491 gold pieces.

Inventory:

Hand Weapons
 a - a +1 long sword
 k - a +0 falchion
 l - a +0 short sword
 m - a +0 falchion
 x - a +0 dagger of venom
 z - a +2 dagger of speed
 K - a +1 dagger of flaming
 O - a +2 falchion of electrocution (weapon)
Missiles
 d - 4 throwing nets
 e - 8 javelins
 i - 11 poisoned darts
 R - a curare-tipped dart
Armour
 c - a +0 helmet (worn)
 p - a +0 crystal plate armour (worn)
 t - a +0 cloak (worn)
 A - a +0 buckler
 N - a +1 pair of boots (worn)
Magical Staves
 h - a staff of cold
 M - a staff of air
Jewellery
 b - a +4 ring of evasion
 j - the ring "Xuism" (left claw) {Str+6 Int+3 Stlth+}
   (You found it on level 2 of the Dungeon)

   [ring of strength]

   Str:       It affects your strength (+6).
   Int:       It affects your intelligence (+3).
   Stlth:     It makes you more stealthy.
 r - a ring of willpower
 y - a ring of resist corrosion
 D - a +4 ring of slaying (right claw)
 G - a ring of ice
Wands
 u - a wand of light (7)
Scrolls
 H - a scroll of enchant weapon
 I - a scroll of vulnerability
Potions
 g - 2 potions of invisibility
 n - 2 potions of mutation
 s - a potion of degeneration {unknown}
 v - 3 potions of brilliance {unknown}
 B - a potion of magic {unknown}
 C - 3 potions of might {unknown}
 F - a potion of attraction {unknown}


   Skills:
 + Level 4.5 Fighting
 * Level 8.9 Long Blades
 - Level 1.7 Throwing
 - Level 2.0 Armour
 + Level 8.2 Dodging
 * Level 1.1 Stealth
 - Level 1.0 Shields
 - Level 2.0 Unarmed Combat
 - Level 4.0 Spellcasting
 - Level 1.0 Evocations


You had 17 spell levels left.
You didn't know any spells.
Your spell library contained the following spells:

 Spells                   Type           Power      Damage    Failure   Level
 Gell's Gravitas          Tloc           2%         N/A       100%        3
 Lesser Beckoning         Tloc           2%         N/A       100%        3
 Teleport Other           Tloc           2%         N/A       100%        3


Dungeon Overview and Level Annotations

Branches:
Dungeon (9/15)             Temple (1/1) D:7          Bailey (1/1)
   Lair: D:8-11         Orc: D:9-12

Altars:
Ashenzari
Cheibriados
Dithmenos
Gozag
Kikubaaqudgha
Makhleb
Nemelex Xobeh
Okawaru
Qazlal
Ru
Sif Muna
Vehumet
Wu Jian
Xom


Innate Abilities, Weirdness & Mutations

You have claws for hands.
You have a moderately thin skeletal structure. (Dex +4, Stealth++)
Spells you cast may paralyse adjacent enemies.


Message History

The centaur barely misses you. The centaur closely misses you.
The centaur barely misses you.
You hit the centaur. Lightning courses through the centaur!
You kill the centaur!
The centaur throws a javelin.
The javelin pierces through you but does no damage.
The orc warrior hits you from afar with a +0 trident.
The centaur throws a javelin.
The javelin barely misses you.
The orc warrior hits you from afar with a +0 halberd!
The centaur throws a javelin.
The javelin pierces through you!
The orc warrior hits you but does no damage.
The centaur hits you with a +0 spear.
The centaur kicks you but does no damage.
The orc warrior closely misses you.
You hit the centaur but do no damage.
The centaur hits you but does no damage.
The centaur kicks you.
The orc warrior hits you from afar with a +0 glaive.
The orc warrior hits you but does no damage.
The orc warrior barely misses you.
You feel yourself speed up.
The centaur hits you but does no damage.
The centaur kicks you but does no damage.
The orc closely misses you.
The orc warrior hits you but does no damage.
The orc warrior hits you from afar with a +0 trident.
The orc warrior hits you from afar with a +0 halberd!
* * * LOW HITPOINT WARNING * * *
The centaur hits you but does no damage.
The centaur kicks you but does no damage.
You feel better.
The orc hits you from afar with a +0 halberd.
* * * LOW HITPOINT WARNING * * *
The orc warrior hits you but does no damage.
The centaur hits you but does no damage.
The centaur kicks you but does no damage.
The orc warrior hits you from afar with a +0 halberd!
* * * LOW HITPOINT WARNING * * *
The orc warrior hits you from afar with a +0 trident!
You die...

.≈≈≈.....≈≈≈c.
#≈≈≈≈.≈≈≈.........§≈≈
#≈≈≈≈.≈......)......≈
#≈≈≈.≈≈.⌠.........⌠.≈
#≈≈≈.≈...............
#≈≈.≈≈....≈≈≈≈≈≈≈)...
#≈≈.≈...≈≈≈~~(~~≈≈≈..
#≈≈.≈..≈≈~~≈≈≈≈≈~≈≈≈.
#≈≈.@.o~~≈≈≈:?=~)≈≈≈.
#≈≈.≈co≈≈~~≈≈≈≈≈~≈≈≈.
#≈≈o≈o..≈≈≈~~~~~≈≈≈..
#≈≈o≈≈....≈≈≈≈≈≈≈....
#≈≈≈.≈...............
#≈≈≈.≈≈.⌠.........⌠.≈
#≈≈≈≈.≈.............≈
#≈≈≈≈.≈≈≈.........≈≈≈
#≈≈≈≈≈..≈≈≈.....≈≈≈..


You could see 3 orc warriors, a centaur and 2 orcs.

Vanquished Creatures
  3 water moccasins
  10 orc warriors
  A black bear (D:6)
  A sky beast (D:7)
  An ice beast (D:7)
  9 centaurs
  A phantom (D:6)
  2 kobold brigands
  A bullfrog (D:7)
  4 necrophages
  5 scorpions
  6 wights (D:6)
  3 hounds
  6 orc priests
  2 gnoll boudas (D:6)
  Crazy Yiuf (D:3)
  Terence (D:3)
  2 orc wizards
  8 gnolls (D:6)
  8 adders
  3 white imps
  3 worms
  6 dart slugs
  34 orcs
  3 bats (D:2)
  3 endoplasms
  2 giant cockroaches
  6 goblins
  9 hobgoblins
  6 jackals
  4 quokkas
  9 ball pythons
  15 kobolds
  4 rats
182 creatures vanquished.

Notes
Turn   | Place    | Note
-------+----------+-------------------------------------------
     0 | D:1      | IdlyInterested the Demonspawn Gladiator began the quest for
                  | the Orb.
     0 | D:1      | Reached XP level 1. HP: 16/16 MP: 1/1
    46 | D:1      | Found a faded altar of an unknown god.
   345 | D:1      | Gained mutation: You have a somewhat thin skeletal
                  | structure. (Dex +2, Stealth+) [demonic ancestry]
   345 | D:1      | Reached XP level 2. HP: 14/22 MP: 2/2
  1217 | D:2      | Reached XP level 3. HP: 26/27 MP: 4/4
  1307 | D:2      | Reached skill level 1 in Spellcasting
  1348 | D:2      | Identified the ring "Xuism" {Str+6 Int+3 Stlth+}
  1366 | D:2      | Found a radiant altar of Vehumet.
  1548 | D:2      | Reached XP level 4. HP: 33/33 MP: 5/5
  2099 | D:3      | Noticed Crazy Yiuf
  2099 | D:3      | Found a runed translucent door.
  2105 | D:3      | Killed Crazy Yiuf
  2229 | D:3      | Noticed Terence
  2236 | D:3      | Killed Terence
  2237 | D:3      | Gained mutation: You have sharp fingernails. [demonic
                  | ancestry]
  2237 | D:3      | Reached XP level 5. HP: 33/38 MP: 7/7
  2332 | D:3      | Reached skill level 1 in Armour
  2919 | D:4      | Reached skill level 1 in Stealth
  2919 | D:4      | Gained mutation: You have very sharp fingernails. [demonic
                  | ancestry]
  2919 | D:4      | Reached XP level 6. HP: 29/44 MP: 9/9
  3363 | D:4      | Reached skill level 1 in Evocations
  3371 | D:4      | Found a sacrificial altar of Ru.
  3371 | D:4      | Found a snail-covered altar of Cheibriados.
  3475 | D:4      | Found a radiant altar of Vehumet.
  3862 | D:5      | Entered Level 5 of the Dungeon
  3935 | D:5      | Identified a scroll of acquirement
  3935 | D:5      | Acquired a manual of Translocations
  4193 | D:5      | Reached skill level 5 in Long Blades
  4193 | D:5      | Reached skill level 1 in Unarmed Combat
  4193 | D:5      | Gained mutation: You have claws for hands. [demonic
                  | ancestry]
  4193 | D:5      | Reached XP level 7. HP: 42/51 MP: 10/10
  5075 | D:6      | Reached skill level 1 in Shields
  5086 | D:6      | Reached skill level 5 in Dodging
  5436 | D:6      | Gained mutation: Spells you cast may paralyse adjacent
                  | enemies. [demonic ancestry]
  5436 | D:6      | Reached XP level 8. HP: 15/58 MP: 11/11
  6708 | D:7      | Found a burning altar of Makhleb.
  6866 | D:7      | Gained mutation: You have a moderately thin skeletal
                  | structure. (Dex +4, Stealth++) [demonic ancestry]
  6866 | D:7      | Reached XP level 9. HP: 65/65 MP: 13/13
  7002 | D:7      | Found a staircase to the Ecumenical Temple.
  7010 | Temple   | Entered the Ecumenical Temple
  7329 | D:7      | Found a broken altar of Ashenzari.
  7576 | D:7      | Found a shimmering blue altar of Sif Muna.
  7868 | D:8      | You fall into a shaft and drop 1 floor!
  7949 | D:9      | Found a flagged portal.
  7976 | Bailey   | Entered a bailey
  9347 | Bailey   | Reached XP level 10. HP: 59/73 MP: 16/16
  9828 | Bailey   | Slain by an orc warrior

Illustrated notes

Levels and vault maps discovered:
D:1:      lightli_iron_boxes, layout_rooms, shapermc_ecumenical_altar_venn,
          hangedman_decor_diamond_cutter, minmay_tromino_v4_c
D:2:      layout_rooms, basic_altar
D:3:      layout_basic, kennysheep_orc_chapel, uniq_crazy_yiuf_cottage,
          uniq_terence
D:4:      layout_rooms, vehumet_altar_wand_db, gammafunk_temple_overflow_wave,
          roderic_roman_lattice
D:5:      layout_basic
D:6:      layout_basic
D:7:      layout_cave_pools, overflow_temple_1_default,
          mainiacjoe_overflow_alcove_2, ashenzari_altar_1,
          minmay_temple_entry_slanted
D:8:      layout_basic, old_standard_altar, old_standard_altar,
          mainiacjoe_overflow_boulevard, serial_shops, shop
D:9:      layout_loops_ring, lemuel_crystal_altar,
          mainiacjoe_overflow_small_starburst, enter_bailey_2, uniq_psyche,
          uniq_gastronok
Temple:   nicolae_temple_bog_church
Bailey:   bailey_polearm_flooded_kennysheep, bailey

Skill      XL: |  1  2  3  4  5  6  7  8  9 10 |
---------------+-------------------------------+-----
Long Blades    | 3 4 5 7 8 |  8.9
Dodging        | 3 4 5 7 8 |  8.2
Spellcasting   | 1 2 3 4 |  4.0
Armour         | 1 2 |  2.0
Stealth        | 1 |  1.1
Evocations     | 1 |  1.0
Unarmed Combat | 1 2 |  2.0
Shields        | 1 |  1.0
Fighting       | 3 4 |  4.5
Throwing       | |  1.7

Action                   |  1- 3 |  4- 6 |  7- 9 | 10-12 || total
-------------------------+-------+-------+-------+-------++-------
Melee: Long sword        |   111 |   148 |   194 |       ||   453
       Punch             |       |       |     5 |       ||     5
       Falchion          |       |       |   145 |     9 ||   154
Throw: Throwing net      |       |     1 |       |     1 ||     2
       Boomerang         |       |       |    18 |     1 ||    19
Evoke: Wand              |       |       |    28 |     6 ||    34
  Use: Scroll            |     3 |     6 |     9 |       ||    18
       Potion            |       |       |     2 |     2 ||     4
 Stab: Sleeping          |     2 |       |       |       ||     2
       Held in net/web   |       |     2 |       |       ||     2
       Invisible         |       |       |     3 |       ||     3
Armor: Ring mail         |    35 |       |       |       ||    35
       Crystal plate arm |    16 |   138 |   269 |    40 ||   463
Dodge: Dodged            |    76 |    27 |   135 |    21 ||   259

Table legend: (Time is in decaauts)
 A = Elapsed time spent in this place.
 B = Non-inter-level travel time spent in this place.
 C = Inter-level travel time spent in this place.
 D = Time resting spent in this place.
 E = Time spent auto-exploring this place.
 F = Levels seen in this place.
 G = Mean time per level.
                   A        B        C        D        E       F      G
               +--------+--------+--------+--------+--------+-----+--------+
         Total |   9902 |   9047 |    855 |   2743 |   4147 |  11 |  900.2 |
       Dungeon |   7824 |   6994 |    830 |   1490 |   3922 |   9 |  869.3 |
        Temple |    234 |    209 |     25 |      0 |    198 |   1 |  234.0 |
        Bailey |   1844 |   1844 |      0 |   1253 |     27 |   1 | 1844.0 |
               +--------+--------+--------+--------+--------+-----+--------+

Top non-repeatable levels by time:
  Bailey: 1844 daAuts
     D:6: 1618 daAuts
     D:1: 1289 daAuts
     D:5: 1246 daAuts
     D:3: 1080 daAuts
     D:4: 844 daAuts
     D:2: 761 daAuts
     D:7: 681 daAuts
  Temple: 234 daAuts
     D:8: 195 daAuts
     D:9: 106 daAuts
